 Dungeon Sprint DCSS version 0.18.1-6-gd335043 (webtiles) character file.

1659 Hipnos the Grappler (level 8, -14/75 HPs)
             Began as a Red Draconian Transmuter on May 20, 2016.
             Was a Priest of Sif Muna.
             Shot with an arrow by a centaur warrior (18 damage)
             ... in the Dungeon (Sprint I: "Red Sonja").
             The game lasted 00:05:34 (924 turns).

Hipnos the Grappler (Red Draconian Transmuter)       Turns: 924, Time: 00:05:35

Health: -14/75     AC: 10    Str: 17    XL:     8   Next: 68%
Magic:  13/18      EV: 17    Int: 13    God:    Sif Muna [***...]
Gold:   398        SH:  0    Dex: 13    Spells: 5 memorised, 5 levels left

rFire  + + .     SeeInvis .       - Unarmed
rCold  + . .     Gourm    .     (armour unavailable)
rNeg   . . .     Faith    .     (no shield)
rPois  +         Spirit   .     (helmet restricted)
rElec  +         Dismiss  .     k - +2 cloak
rCorr  +         Reflect  .     j - +0 pair of gloves {Str+3}
SustAt .         Harm     .     (no boots)
MR     .....     NoTele   +     (no amulet)
Stlth  +.........               (no ring)
                                (no ring)

@: short of breath, appendage, resistant, not resistant to hostile enchantments,
very unstealthy
A: breathe fire, unfitting armour, horns 2, fire resistance 1, cold-blooded, AC
+6
a: Breathe Fire, End Transformation, Channel Energy, Renounce Religion


You were in the Dungeon.
You worshipped Sif Muna.
Sif Muna was most pleased with you.
You were very hungry.
You had grown temporary horns.
You visited 1 branch You collected 650 gold pieces.
You spent 252 gold pieces at shops.

Inventory:

Missiles
 a - 18 arrows
Armour
 j - a +0 pair of gloves of strength (worn)
 k - a +2 cloak (worn)
Scrolls
 h - a scroll of magic mapping {unknown}
 i - a scroll of blinking
Potions
 f - a potion of haste
 g - 2 potions of magic
Books
 b - a book of Changes

   Spells                             Type                      Level
   a - Beastly Appendage              Transmutation                1
   b - Sticks to Snakes               Transmutation                2
   c - Spider Form                    Transmutation/Poison         3
   d - Ice Form                       Ice/Transmutation            4
   e - Blade Hands                    Transmutation                5
Comestibles
 c - a bread ration


   Skills:
 * Level 8.4 Fighting
 * Level 8.8 Dodging
 * Level 10.1 Unarmed Combat
 + Level 6.9 Spellcasting
 * Level 10.0 Transmutations
 - Level 0.5 Ice Magic


You had 5 spell levels left.
You knew the following spells:

 Your Spells              Type           Power        Failure   Level  Hunger
a - Beastly Appendage     Trmt           ####..       1%          1    None
b - Sticks to Snakes      Trmt           ####....     1%          2    #......
c - Spider Form           Trmt/Pois      ###.......   8%          3    ##.....
d - Ice Form              Ice/Trmt       ###.....     17%         4    ####...
e - Blade Hands           Trmt           ####......   10%         5    ######.


Dungeon Overview and Level Annotations

Branches:
Dungeon (1/1)

Altars:
Cheibriados
Dithmenos
Elyvilon
Fedhas
Gozag
Kikubaaqudgha
Makhleb
Nemelex Xobeh
Okawaru
Pakellas
Qazlal
Ru
Sif Muna
Trog
Vehumet
Xom
Yredelemnul
Zin
The Shining One
Jiyva

Shops:
D *[


Innate Abilities, Weirdness & Mutations

You can breathe blasts of fire.
Your fiery red scales are hard (AC +6).
Your body does not fit into most forms of armour.
Your flesh is heat resistant.
You are cold-blooded and may be slowed by cold attacks.
You have a pair of horns on your head.


Message History

The centaur warrior hits you!
* * * LOW HITPOINT WARNING * * *
The centaur warrior shoots an arrow.
The arrow barely misses you.
You hear a splash.
Drink which item? (? for menu, Esc to quit)
It was a potion of resistance.
You feel protected. The centaur warrior hits you.
* * * LOW HITPOINT WARNING * * *
The centaur warrior shoots an arrow.
The arrow hits you!
* * * LOW HITPOINT WARNING * * *
You hear a splash.
The centaur warrior hits you but does no damage.
Drink which item? (? for menu, Esc to quit)
You feel better.
The centaur warrior shoots an arrow.
The arrow hits you.
* * * LOW HITPOINT WARNING * * *
You hear a splash.
The centaur warrior barely misses you.
The centaur warrior shoots an arrow.
The arrow hits you!!
You die...

####################
.#..'..#.)'..#__#..+
.').#..'..#..'..'..#
.#####'#####'#__####
.####..#...#)####/?#
.#__####..##)#≈§§§§#
.#_.___##'#..+§§§c§+
⌠#_.∩...'..._#§§@§c#
##_..._##_.#'##§####
#_____###(#)#(§..###
#########.####'###.##
+...'.....'(∩#
#...########## ##.##
#+#


You could see 2 centaur warriors.

Vanquished Creatures
  Sonja (D)
  A deep troll (D)
  A slime creature (D)
  Sigmund (D)
  A yak (D)
  An ogre (D)
  A jelly (D)
  Ijyb (D)
8 creatures vanquished.

Vanquished Creatures (others)
  A gargoyle (D)
1 creature vanquished.

Grand Total: 9 creatures vanquished

Notes
Turn   | Place    | Note
--------------------------------------------------------------
     0 | D        | Hipnos the Draconian Transmuter began the quest for the Orb.
     0 | D        | Reached XP level 1. HP: 16/16 MP: 3/3
     2 | D        | Noticed Ijyb
    27 | D        | Killed Ijyb
    27 | D        | Reached XP level 2. HP: 25/25 MP: 1/5
    40 | D        | Learned a level 2 spell: Sticks to Snakes
    60 | D        | Noticed an ogre
    71 | D        | Killed an ogre
    71 | D        | Reached skill level 5 in Unarmed Combat
    71 | D        | Reached XP level 3. HP: 6/33 MP: 1/7
    71 | D        | Reached XP level 4. HP: 7/40 MP: 1/9
   147 | D        | Learned a level 3 spell: Spider Form
   324 | D        | Noticed Sigmund
   329 | D        | Killed Sigmund
   329 | D        | Reached skill level 5 in Fighting
   329 | D        | Reached skill level 5 in Dodging
   329 | D        | Reached XP level 5. HP: 45/48 MP: 6/11
   358 | D        | Found a deep blue altar of Sif Muna.
   360 | D        | Found a radiant altar of Vehumet.
   365 | D        | Became a worshipper of Sif Muna the Loreminder
   369 | D        | Reached XP level 6. HP: 27/56 MP: 8/13
   371 | D        | Killed a gargoyle
   429 | D        | Learned a level 4 spell: Ice Form
   532 | D        | Found Wueniv's Assorted Antiques.
   532 | D        | Found a white marble altar of Elyvilon.
   532 | D        | Found a stormy altar of Qazlal.
   532 | D        | Found a burning altar of Makhleb.
   532 | D        | Found a sacrificial altar of Ru.
   532 | D        | Found an oddly glowing altar of Pakellas.
   532 | D        | Found a basalt altar of Yredelemnul.
   532 | D        | Found a glowing golden altar of the Shining One.
   532 | D        | Found a sparkling altar of Nemelex Xobeh.
   532 | D        | Found a shimmering altar of Xom.
   532 | D        | Found an opulent altar of Gozag.
   532 | D        | Found an ancient bone altar of Kikubaaqudgha.
   532 | D        | Found a glowing silver altar of Zin.
   532 | D        | Noticed a yak
   540 | D        | Killed a yak
   540 | D        | Reached skill level 5 in Spellcasting
   541 | D        | Found an iron altar of Okawaru.
   544 | D        | Found a bloodstained altar of Trog.
   550 | D        | Bought a pair of embroidered gloves for 126 gold pieces
   550 | D        | Bought a runed cloak for 126 gold pieces
   678 | D        | Learned a level 5 spell: Blade Hands
   688 | D        | Found a snail-covered altar of Cheibriados.
   688 | D        | Found a viscous altar of Jiyva.
   688 | D        | Found a shadowy altar of Dithmenos.
   688 | D        | Found a blossoming altar of Fedhas.
   688 | D        | Noticed a slime creature
   695 | D        | Killed a slime creature
   695 | D        | Reached * piety under Sif Muna
   695 | D        | Your scales start taking on a fiery red colour.
   695 | D        | Reached XP level 7. HP: 64/64 MP: 11/15
   695 | D        | Gained mutation: Your flesh is heat resistant. [Red Draconian growth]
   708 | D        | Noticed Sonja
   715 | D        | Killed Sonja
   715 | D        | Reached ** piety under Sif Muna
   715 | D        | Reached XP level 8. HP: 57/74 MP: 5/17
   865 | D        | Noticed a deep troll
   869 | D        | Killed a deep troll
   869 | D        | Reached *** piety under Sif Muna
   869 | D        | Reached skill level 10 in Unarmed Combat
   869 | D        | Reached skill level 10 in Transmutations
   879 | D        | Found Unekhlob's Armour Emporium.
   917 | D        | Noticed a centaur warrior
   918 | D        | Noticed a centaur warrior
   923 | D        | HP: 1/75 [centaur warrior/arrow (8)]
   924 | D        | Shot with an arrow by a centaur warrior

Skill      XL: |  1  2  3  4  5  6  7  8 |
---------------+-------------------------+-----
Fighting       | 2 3 5 6 7 8 |  8.4
Dodging        | 3 4 5 7 8 |  8.8
Unarmed Combat | 4 5 7 8 9 10 | 10.1
Transmutations | 3 4 6 7 9 10 | 10.0
Spellcasting   | 3 4 5 6 |  6.9
Ice Magic      | |  0.5

Action                   |  1- 3 |  4- 6 |  7- 9 || total
-------------------------+-------+-------+-------++-------
Melee: Unarmed           |    27 |    21 |     9 ||    57
       Kick              |     3 |       |       ||     3
       Headbutt          |     1 |       |     1 ||     2
       Tailslap          |     1 |       |       ||     1
 Cast: Beastly Appendage |     3 |       |     1 ||     4
       Sticks to Snakes  |     2 |       |       ||     2
       Spider Form       |       |     4 |       ||     4
       Ice Form          |       |       |     1 ||     1
       Blade Hands       |       |       |     2 ||     2
 Abil: Breathe Fire      |       |       |     1 ||     1
  Use: Potion            |     2 |       |     2 ||     4
 Stab: Sleeping          |       |     1 |       ||     1
  Eat: Chunk             |       |       |     1 ||     1
Armor: Skin              |     1 |       |     3 ||     4
Dodge: Dodged            |    12 |    13 |    14 ||    39
